Map: Eternal Empire LE

Players

navarre

  • Race: Protoss Protoss
  • League: Silver
  • Spawn Location: 7:00

A.I. 1 (Hard) - Winner!

  • Race: Terran Terran
  • Spawn Location: 1:00

VOD

Have the link to the VOD?

Description

Time

  • Played on: Sept. 8, 2020, 6:36 p.m.
  • Length: 3:35
Show
View Real Time Build Order
Export as new Build Order

navarre Protoss 

Build Orders: 1 Gate Expand 

Get SALT Encoding   

  6  0:00  Probe  
  13  0:12  Probe  
  14  0:19  Pylon  
  14  0:24  Probe  
  15  0:38  Probe (Chrono Boost)  
  15  0:40  Gateway  
  16  0:46  Assimilator, Probe (Chrono Boost)  
  17  0:52  Probe  
  18  1:04  Probe  
  19  1:16  Probe  
  20  1:25  Nexus  
  20  1:35  Cybernetics Core  
  20  1:38  Probe  
  21  1:44  Assimilator  
  21  1:51  Probe  
  22  1:56  Pylon  
  22  2:03  Probe  
  23  2:13  Stalker (Chrono Boost)  
  23  2:15  Probe  
  26  2:27  Probe  
  27  2:31  Robotics Facility  
  27  2:37  Stalker (Chrono Boost)  
  27  2:39  Probe  
  27  2:40  Probe  
  31  2:51  Probe  
  31  2:52  Probe  
  33  3:03  Probe  
  33  3:04  Probe  
  35  3:11  Gateway  
  35  3:13  Gateway  
  35  3:15  Probe  
  35  3:16  Probe  
Show
View Real Time Build Order
Export as new Build Order

A.I. 1 (Hard) Terran - Winner!

Build Orders:  

Get SALT Encoding   

  6  0:00  SCV  
  13  0:13  SCV  
  14  0:18  Supply Depot  
  14  0:25  SCV  
  15  0:40  SCV  
  15  0:42  Barracks  
  16  0:50  Refinery  
  16  0:52  SCV  
  17  1:04  SCV  
  18  1:16  SCV  
  19  1:20  Supply Depot  
  19  1:28  Marine  
  19  1:29  SCV  
  21  1:42  Barracks, Orbital Command  
  21  1:46  Marine  
  22  1:51  Refinery  
  22  2:05  Barracks Tech Lab  
  22  2:09  Supply Depot  
  22  2:23  Marine  
  22  2:28  Marine  
  24  2:41  Marine  
  25  2:46  Marine, Supply Depot  
  26  2:55  SCV  
  27  2:59  Marine  
  27  3:04  Marine  
  29  3:07  SCV  
  29  3:08  Engineering Bay  
  30  3:16  Marine  
  30  3:19  SCV  
  32  3:24  Supply Depot  
Tags
 
Add a new tag
Caveats
  • Supply blocks, unpowered buildings, or Contaminate may cause inaccurate times.
  • Supply counts are checked every 10 seconds.